Map: Ruby Rock LE

Players

Serral - Winner!

  • Race: Zerg Zerg
  • League: Grandmaster
  • Spawn Location: 5:00

SZsOs (sOs)

  • Race: Protoss Protoss
  • Spawn Location: 11:00

VOD

Have the link to the VOD?

Description

Time

  • Played on: Jan. 30, 2026, 2:10 p.m.
  • Length: 10:39
Show
View Real Time Build Order
Export as new Build Order

Serral Zerg - Winner!

Build Orders: Hatch First 

Get SALT Encoding   

  12  0:01  Drone  
  13  0:08  Drone  
  14  0:15  Extractor, Drone  
  15  0:21  Overlord  
  15  0:42  Drone  
  16  0:45  Hatchery  
  16  0:48  Drone  
  16  0:52  Drone  
  16  0:56  Drone  
  18  1:06  Extractor  
  17  1:12  Spawning Pool  
  17  1:14  Drone  
  17  1:17  Drone  
  18  1:27  Drone  
  19  1:38  Drone  
  20  1:49  Drone  
  21  1:58  Queen x2  
  21  1:59  Zergling x2, Overlord  
  26  2:09  Drone  
  26  2:12  Drone  
  26  2:13  Metabolic Boost  
  28  2:18  Drone  
  28  2:21  Drone  
  30  2:29  Drone  
  31  2:33  Queen  
  33  2:41  Hatchery  
  32  2:45  Overlord  
  32  2:48  Zergling x2  
  32  2:51  Drone x2  
  34  2:56  Drone  
  36  3:04  Overlord  
  36  3:08  Zergling x2  
  36  3:09  Drone x4  
  36  3:12  Drone x2  
  43  3:18  Spore Crawler  
  42  3:21  Queen  
  42  3:23  Drone  
  45  3:29  Queen  
  46  3:35  Drone x3  
  48  3:42  Drone x3  
  48  3:45  Overlord, Zergling x2  
  52  3:48  Overlord  
  52  3:53  Spore Crawler  
  52  3:54  Zergling x2  
  52  3:55  Zergling x4  
  54  3:57  Drone  
  54  4:01  Drone  
  55  4:05  Zergling x2  
  55  4:07  Drone  
  56  4:13  Zergling x2  
  57  4:17  Drone x5  
  57  4:22  Drone  
  57  4:23  Drone x2  
  65  4:24  Drone  
  65  4:26  Drone  
  65  4:30  Zergling x2  
  68  4:32  Evolution Chamber  
  68  4:33  Drone  
  66  4:39  Drone  
  66  4:40  Drone  
  66  4:44  Drone x4  
  66  4:45  Lair  
  71  4:46  Overlord  
  71  4:48  Extractor  
  71  4:49  Extractor  
  71  4:51  Zergling x2  
  71  4:52  Drone  
  71  4:53  Drone x2  
  71  4:54  Overlord  
  71  4:56  Overlord  
  73  5:04  Zergling x6, Hatchery  
  73  5:06  Zergling x2  
  74  5:07  Zergling x2  
  74  5:10  Drone  
  74  5:13  Drone x3  
  79  5:16  Drone  
  79  5:19  Zergling x2  
  79  5:20  Zergling x2  
  81  5:22  Drone x6  
  81  5:26  Overlord  
  87  5:31  Overlord  
  87  5:34  Overlord  
  87  5:38  Extractor  
  85  5:43  Zergling x4, Queen  
  85  5:44  Queen  
  85  5:45  Zergling x8  
  85  5:46  Evolution Chamber  
  85  5:48  Hydralisk Den  
  95  5:51  Zergling x6  
  95  5:56  Zergling x4  
  95  5:57  Zergling x6  
  97  6:07  Zergling x4  
  97  6:09  Overlord  
  97  6:14  Overlord  
  97  6:18  Zergling x10  
  100  6:22  Zergling x4  
  95  6:30  Drone x3  
  95  6:31  Grooved Spines  
  95  6:32  Zerg Missile Weapons Level 1, Baneling Nest  
  92  6:33  Drone  
  92  6:35  Drone  
  92  6:37  Drone x4  
  97  6:40  Drone  
  97  6:46  Hydralisk x4  
  105  6:50  Hydralisk x2  
  105  6:51  Hydralisk  
  111  6:56  Hydralisk  
  111  6:57  Extractor  
  112  7:02  Hydralisk x5  
  122  7:10  Overlord, Hydralisk  
  124  7:15  Overlord  
  124  7:18  Hydralisk  
  124  7:19  Zergling x10  
  124  7:21  Overlord, Muscular Augments  
  124  7:22  Overlord  
  130  7:35  Hydralisk x3  
  130  7:36  Zergling x8  
  137  7:40  Drone x4  
  136  7:45  Centrifugal Hooks  
  136  7:48  Drone x4  
  136  7:50  Zergling x4  
  141  7:56  Zergling x12  
  145  7:59  Zergling x4  
  145  8:04  Zergling x10  
  152  8:07  Overlord  
  152  8:10  Hydralisk x2  
  152  8:11  Zergling x2  
  152  8:12  Overlord  
  155  8:20  Zergling x12  
  155  8:26  Zergling x4  
  156  8:32  Hydralisk x2, Zergling x2  
  156  8:33  Zergling x4  
  160  8:37  Zergling x4  
  160  8:41  Baneling x9  
  157  8:47  Drone  
  157  8:48  Drone x8  
  157  8:50  Zergling x4  
  157  8:51  Zergling x2  
  157  8:54  Zergling x4  
  161  9:00  Infestation Pit  
  161  9:02  Zergling x12  
  166  9:09  Zergling x4  
  163  9:13  Zergling x6  
  163  9:16  Zergling x8  
  163  9:21  Extractor  
  163  9:22  Drone, Overlord  
  163  9:23  Overlord  
  163  9:27  Hatchery  
  156  9:32  Hydralisk x5  
  156  9:33  Zergling x2  
  156  9:37  Drone  
  163  9:39  Baneling x5  
  163  9:42  Hydralisk  
  163  9:43  Hydralisk, Zergling x8  
  170  9:46  Zergling x4  
  170  9:49  Zergling x8  
  170  9:50  Zergling x2  
  165  10:03  Zergling x20  
  165  10:06  Evolution Chamber, Hydralisk  
  172  10:07  Zergling x2  
  172  10:12  Overseer  
  172  10:15  Zergling x14  
  172  10:21  Zergling x12  
Show
View Real Time Build Order
Export as new Build Order

SZsOs Protoss 

Build Orders: 1 Gate Expand, Oracle Opening 

Get SALT Encoding   

  12  0:00  Probe  
  13  0:12  Probe  
  14  0:20  Pylon  
  14  0:24  Probe  
  14  0:28  Assimilator  
  15  0:36  Probe  
  16  0:43  Gateway  
  16  0:44  Probe  
  17  0:52  Probe  
  18  1:04  Probe  
  19  1:16  Probe  
  20  1:23  Nexus  
  20  1:33  Cybernetics Core  
  20  1:36  Probe  
  21  1:41  Assimilator  
  21  1:48  Probe  
  22  1:55  Pylon  
  22  2:01  Probe  
  23  2:03  Adept  
  23  2:13  Stargate  
  25  2:16  Probe  
  25  2:17  Warp Gate  
  26  2:28  Probe  
  27  2:31  Probe  
  27  2:33  Adept  
  30  2:39  Probe  
  30  2:40  Probe  
  32  2:46  Oracle  
  32  2:49  Probe  
  32  2:52  Probe  
  37  3:00  Stalker  
  37  3:01  Probe  
  37  3:04  Probe  
  41  3:13  Probe  
  41  3:14  Pylon  
  41  3:16  Probe  
  43  3:25  Oracle  
  46  3:32  Probe x2  
  48  3:45  Probe x2  
  48  3:46  Twilight Council  
  48  3:47  Gateway  
  50  3:53  Gateway  
  50  3:54  Gateway  
  50  4:04  Probe x2  
  52  4:10  Nexus  
  52  4:12  Resonating Glaives  
  52  4:15  Pylon  
  52  4:16  Probe x2  
  54  4:17  Assimilator  
  54  4:33  Probe x2  
  54  4:35  Adept  
  58  4:43  Adept  
  56  4:46  Probe x2  
  56  4:48  Forge  
  56  4:49  Adept x2  
  62  4:56  Shield Battery  
  62  4:58  Pylon  
  62  5:00  Pylon  
  62  5:06  Protoss Ground Weapons Level 1  
  62  5:09  Pylon  
  62  5:16  Probe  
  62  5:17  Probe  
  62  5:18  Adept  
  62  5:20  Adept x3  
  72  5:22  Probe  
  73  5:29  Probe  
  73  5:33  Probe  
  73  5:35  Probe  
  76  5:37  Gateway  
  76  5:39  Gateway  
  76  5:41  Adept x2  
  76  5:42  Adept x2  
  84  5:45  Blink  
  84  5:49  Probe x2  
  82  6:06  Probe  
  82  6:07  Probe  
  82  6:08  Stalker x4  
  92  6:15  Probe  
  92  6:17  Pylon  
  93  6:18  Pylon  
  93  6:21  Probe  
  82  6:33  Probe x3  
  82  6:37  Photon Cannon  
  82  6:39  Shield Battery  
  83  6:40  Stalker x3  
  83  6:41  Stalker x3  
  83  6:45  Assimilator  
  95  6:48  Probe x3  
  95  6:49  Assimilator  
  98  6:58  Gateway  
  98  7:01  Forge, Pylon  
  98  7:04  Stalker x2  
  98  7:05  Stalker  
  104  7:12  Stalker x2  
  104  7:13  Protoss Ground Weapons Level 2  
  108  7:20  Stalker  
  108  7:22  Probe x2  
  108  7:28  Adept x3  
  109  7:37  Probe x2  
  103  8:00  Probe x2  
  103  8:02  Stalker x5  
  103  8:03  Charge  
  115  8:06  Pylon, Zealot  
  115  8:07  Pylon  
  115  8:09  Pylon  
  111  8:22  Pylon  
  111  8:29  Stalker x2  
  111  8:30  Stalker, Pylon  
  112  8:37  Protoss Ground Armor Level 1  
  110  8:41  Probe x2  
  110  8:51  Adept  
  110  8:52  Adept  
  110  8:55  Stalker x3  
  120  8:56  Zealot x2  
  124  9:06  Nexus  
  124  9:07  Pylon  
  124  9:12  Probe  
  124  9:15  Probe x2  
  106  9:17  Stalker x4  
  106  9:18  Stalker x2  
  118  9:35  Adept  
  116  9:47  Adept  
  96  9:56  Stalker x6  
  96  9:57  Probe  
  109  10:08  Zealot, Nexus  
  109  10:19  Probe  
  98  10:25  Stalker x3  
Tags
 
Add a new tag
Caveats
  • Supply blocks, unpowered buildings, or Contaminate may cause inaccurate times.
  • Supply counts are checked every 10 seconds.